 Dungeon Crawl Stone Soup version 0.16-a0-4113-g7d8e295 (webtiles) character file.

180 Leibowitz the Cutter (level 5, 0/31 HPs)
             Began as a Kobold Gladiator on Feb 28, 2015.
             Killed by nerve-wracking pain
             ... invoked by Grinder
              (9 damage)
             ... on level 3 of the Dungeon.
             The game lasted 00:06:56 (2963 turns).

Leibowitz the Cutter (Kobold Gladiator)             Turns: 2963, Time: 00:06:56

Health: 0/31       AC:  4    Str: 14    XL:     5   Next: 91%
Magic:  5/5        EV: 18    Int:  6    God:
Gold:   111        SH:  0    Dex: 17    Spells: 0 memorised, 4 levels left

rFire  . . .     SeeInvis .     a - +0 rapier
rCold  . . .     Clarity  .     n - +1 animal skin
rNeg   . . .     SustAb   .     (no shield)
rPois  .         Gourm    .     c - +0 helmet
rElec  .         Spirit   .     (no cloak)
rCorr  .         Warding  .     (no gloves)
rMut   .         Stasis   .     (no boots)
MR     .....                    (no amulet)
Stlth  +++.......               (no ring)
                                (no ring)

@: not resistant to hostile enchantments, fairly stealthy
A: carnivore 3
a: no special abilities


You were on level 3 of the Dungeon.
You were completely stuffed.

You visited 1 branch of the dungeon, and saw 3 of its levels.

You collected 111 gold pieces.

Inventory:

Hand weapons
 a - a +0 rapier (weapon)
Missiles
 d - 3 throwing nets (quivered)
Armour
 c - a +0 helmet (worn)
 n - a +1 animal skin (worn)
Scrolls
 b - 2 scrolls of enchant weapon {unknown}
 e - 2 scrolls of enchant armour {unknown}
 g - 2 scrolls of identify {unknown}
 h - a scroll of blinking {unknown}
 j - a scroll of fear {unknown}
 k - 2 scrolls of random uselessness {unknown}
 l - a scroll of amnesia {unknown}
 m - 2 scrolls of immolation {unknown}
 o - a scroll of teleportation {unknown}
 p - a scroll of magic mapping {unknown}
Potions
 i - a potion of restore abilities {unknown}
Comestibles
 f - 4 meat rations
 q - a royal jelly


   Skills:
 * Level 2.7 Fighting
 * Level 5.4 Short Blades
 - Level 2.6 Throwing
 + Level 0.8 Armour
 * Level 5.2 Dodging
 * Level 3.0 Stealth


You had 4 spell levels left.
You didn't know any spells.

Dungeon Overview and Level Annotations

Branches:
Dungeon (3/15)

Altars:
Gozag
Nemelex Xobeh

Annotations:
D:3 Grinder


Innate Abilities, Weirdness & Mutations

You are small and have problems with some larger weapons.
You are carnivorous and can eat meat at any time.


Message History

Grinder is heavily wounded.
Grinder gestures at you.
You barely resist. You hit Grinder.
Grinder is severely wounded.
You puncture Grinder!
Grinder is severely wounded.
Grinder hits you.
You writhe in agony.
* * * LOW HITPOINT WARNING * * *
You hit Grinder.
Grinder is almost dead.
Grinder misses you.
You barely miss Grinder.
Grinder is almost dead.
Grinder barely misses you.
You closely miss Grinder.
Grinder is almost dead.
Grinder gestures at you. Pain shoots through your body!
You die...

#.#
#.........#
#.#
#.......#..
#.#
##.....####
#.#
##########
#.#
########..
#.#
........S.
#####.#
########.#
#.....###.#
##)#
#..@......#
#.)#
###5..##..#
#.##
##........
...#
#.####.#.
.....# #.#
##.....#
#.#
...#.#..
#.#
####.###
#.# #. # .
. #


You could see Grinder.

Vanquished Creatures
  A crimson imp (D:3)
  An orc priest (D:3)
  Robin (D:2)
  3 adders (D:2)
  2 giant geckos
  An ooze (D:2)
  9 orcs (D:3)
  3 giant cockroaches
  14 goblins
  13 hobgoblins
  3 jackals (D:3)
  3 quokkas
  5 bats
  A giant newt (D:3)
  6 kobolds
  3 rats
  A plant (D:1)
70 creatures vanquished.

Notes
Turn   | Place    | Note
--------------------------------------------------------------
     0 | D:1      | Leibowitz, the Kobold Gladiator, began the quest for the Orb.
     0 | D:1      | Reached XP level 1. HP: 12/12 MP: 1/1
   346 | D:1      | Reached XP level 2. HP: 12/17 MP: 2/2
   622 | D:1      | Reached XP level 3. HP: 13/22 MP: 3/3
  1322 | D:2      | Reached skill level 1 in Stealth
  1344 | D:2      | Reached XP level 4. HP: 19/27 MP: 4/4
  1443 | D:2      | Found a sparkling altar of Nemelex Xobeh.
  1814 | D:2      | Noticed Robin
  1837 | D:2      | Killed Robin
  1837 | D:2      | Reached skill level 5 in Short Blades
  2206 | D:3      | HP: 1/27 [orc priest/nerve-wracking pain (12)]
  2211 | D:3      | Reached XP level 5. HP: 6/31 MP: 5/5
  2491 | D:3      | Reached skill level 5 in Dodging
  2834 | D:3      | Found an opulent altar of Gozag.
  2950 | D:3      | Noticed Grinder
  2963 | D:3      | Killed from afar by Grinder

Action                   |  1- 3 |  4- 6 || total
-------------------------+-------+-------++-------
Melee: Rapier            |   146 |   158 ||   304
  Use: Potion            |       |     2 ||     2
 Stab: Sleeping          |     3 |     3 ||     6
  Eat: Chunk             |     9 |     6 ||    15
